 Dungeon Crawl Stone Soup version 0.27-a0-1230-gfc7c993222 (webtiles) character file.

Game seed: 16034710105088334984

1019 Delamore the Spear-Bearer (level 8, -1/62 HPs)
             Began as a Formicid Fighter on June 8, 2021.
             Was a Priest of Qazlal.
             Shot with an arrow by a centaur (9 damage)
             ... on level 5 of the Dungeon.
             The game lasted 00:04:24 (5085 turns).

Delamore the Spear-Bearer (Formicid Fighter)        Turns: 5085, Time: 00:04:25

Health: -1/62      AC:  8    Str: 24    XL:     8   Next: 46%
Magic:  8/8        EV:  8    Int:  7    God:    Qazlal [***...]
Gold:   206        SH: 14    Dex: 10    Spells: 7/7 levels left

rFire    . . .     SeeInvis +   a - +0 trident
rCold    . . .     Faith    .   c - +0 kite shield
rNeg     . . .     Spirit   .   b - +0 scale mail
rPois    .         Reflect  .   (helmet unavailable)
rElec    .         Harm     .   (no cloak)
rCorr    .         Rampage  .   (no gloves)
Will     .....                  p - +0 pair of boots
Stlth    ..........             (no amulet)
HPRegen  0.20/turn              (no ring)
MPRegen  0.11/turn              (no ring)

@: no status effects
A: permanent stasis, dig shafts and tunnels, antennae 3, four strong arms
a: Dig, Shaft Self, Renounce Religion, Upheaval, Elemental Force


You were on level 5 of the Dungeon.
You worshipped Qazlal.
Qazlal was most pleased with you.
You visited 1 branch of the dungeon, and saw 5 of its levels.

You collected 262 gold pieces.
You spent 56 gold pieces at shops.

Inventory:

Hand Weapons
 a - a +0 trident (weapon)
Missiles
 h - 23 poisoned darts (quivered)
 o - 2 curare-tipped darts
Armour
 b - a +0 scale mail (worn)
 c - a +0 kite shield (worn)
 p - a +0 pair of boots (worn)
Scrolls
 j - 2 scrolls of identify
Potions
 d - 3 potions of might
 e - a potion of resistance
 f - 5 potions of curing
 g - a potion of lignification
 i - a potion of mutation {unknown}
 k - a potion of cancellation {unknown}
 l - a potion of heal wounds
 m - a potion of flight
 n - 3 potions of degeneration
 q - a potion of brilliance {unknown}


   Skills:
 - Level 5.0 Fighting
 * Level 8.9 Polearms
 - Level 3.2 Armour
 - Level 3.6 Shields


You had 7 spell levels left.
You didn't know any spells.
Your spell library contained the following spells:

 Spells                   Type           Power      Damage    Failure   Level
 Animate Skeleton         Necr           0%         N/A       98%         1
 Magic Dart               Conj           0%         1d3       98%         1
 Summon Small Mammal      Summ           0%         N/A       98%         1
 Call Imp                 Summ           0%         N/A       99%         2
 Slow                     Hex            0%         N/A       99%         2
 Conjure Flame            Conj/Fire      0%         6-21      100%        3
 Mephitic Cloud           Conj/Pois/Air  0%         N/A       100%        3
 Vampiric Draining        Necr           0%         2d6       100%        3
 Animate Armour           Summ/Erth      0%         N/A       100%        4
 Leda's Liquefaction      Hex/Erth       0%         N/A       100%        4
 Bolt of Magma            Conj/Fire/Erth 0%         4d4       100%        5
 Iron Shot                Conj/Erth      0%         9d1       100%        6
 Simulacrum               Ice/Necr       0%         N/A       100%        6
 Statue Form              Tmut/Erth      0%         N/A       100%        6
 Dragon's Call            Summ           0%         N/A       100%        9
 Shatter                  Erth           0%         3d5*      100%        9
 Blink                    Tloc           Unusable   N/A       N/A         2

Dungeon Overview and Level Annotations

Branches:
Dungeon (5/15)             Temple (0/1) D:4

Altars:
Cheibriados
Makhleb
Qazlal
The Shining One

Shops:
D:3 (=![   D:4 (

Annotations:
D:5 2 runed translucent doors


Innate Abilities, Weirdness & Mutations

You cannot be hasted, slowed, berserked, paralysed or teleported.
You can dig through walls and to a lower floor.
You have a pair of large antennae on your head. (SInv)
Your four strong arms can wield two-handed weapons with a shield.


Message History

You are too injured to fight recklessly!
You are too injured to fight recklessly!
You are too injured to fight recklessly!
You are too injured to fight recklessly!
You are too injured to fight recklessly!
You are too injured to fight recklessly!
You are too injured to fight recklessly!
You are too injured to fight recklessly!
You are too injured to fight recklessly!
You are too injured to fight recklessly!
You are too injured to fight recklessly!
You are too injured to fight recklessly!
You are too injured to fight recklessly!
You are too injured to fight recklessly!
You are too injured to fight recklessly!
You are too injured to fight recklessly!
You are too injured to fight recklessly!
You are too injured to fight recklessly!
You are too injured to fight recklessly!
You are too injured to fight recklessly!
You are too injured to fight recklessly!
You are too injured to fight recklessly!
You are too injured to fight recklessly!
You are too injured to fight recklessly!
You are too injured to fight recklessly!
You are too injured to fight recklessly!
You are too injured to fight recklessly!
You are too injured to fight recklessly!
The centaur shoots an arrow.
The arrow hits you!
* * * LOW HITPOINT WARNING * * *
The centaur shoots an arrow.
You block the arrow.
The centaur shoots an arrow.
The arrow barely misses you.
The centaur shoots an arrow.
The arrow hits you.
* * * LOW HITPOINT WARNING * * *
The centaur shoots an arrow.
The arrow barely misses you.
There is a stone staircase leading down here.
The centaur shoots an arrow.
You block the arrow. The iguana bites you!
* * * LOW HITPOINT WARNING * * *
The centaur shoots an arrow.
The arrow hits you!
You die...

..#####.##....## .. #.#
#.##.#### ##!# # #.#
#....### #..# ?# #.#
##.....#####.###.# #<#
#...##...........#
#.#####<#####..........#
#.##....# ##.........#
<....#### #.........#
#..### #..@l...$.# ##.#
#...○.....##### #.#
#####..°.......# #.#
#c.........# #..
#..........# ##.
#..........# .#
#.?........#
#.########## #.#


You could see a centaur and an iguana.

Vanquished Creatures
  A sky beast (D:5)
  A black bear (D:5)
  An ogre (D:4)
  A necrophage (D:3)
  2 phantoms
  2 scorpions (D:4)
  A water moccasin skeleton (D:5)
  A howler monkey (D:5)
  A hound (D:5)
  An iguana (D:4)
  4 adders
  8 gnolls
  A worm (D:4)
  3 dart slugs
  5 orcs (D:5)
  9 bats
  4 endoplasms
  6 giant cockroaches
  12 goblins
  11 hobgoblins
  18 jackals
  14 kobolds
  6 quokkas
  11 ball pythons
  2 frilled lizards
  8 rats
134 creatures vanquished.

Notes
Turn   | Place    | Note
-------+----------+-------------------------------------------
     0 | D:1      | Delamore the Formicid Fighter began the quest for the Orb.
     0 | D:1      | Reached XP level 1. HP: 18/18 MP: 1/1
    38 | D:1      | Reached XP level 2. HP: 18/24 MP: 2/2
   279 | D:1      | Reached XP level 3. HP: 8/30 MP: 3/3
   521 | D:1      | Reached skill level 3 in Polearms
   937 | D:1      | Found a faded altar of an unknown god.
  1159 | D:1      | Became a worshipper of Qazlal Stormbringer
  1159 | D:1      | Reached * piety under Qazlal
  1291 | D:1      | Reached XP level 4. HP: 37/37 MP: 4/4
  1656 | D:2      | Reached skill level 4 in Polearms
  1820 | D:2      | Reached ** piety under Qazlal
  1889 | D:2      | Found a snail-covered altar of Cheibriados.
  1912 | D:2      | Reached XP level 5. HP: 42/42 MP: 5/5
  2078 | D:2      | Noticed a phantom
  2097 | D:2      | Killed a phantom
  2098 | D:2      | Reached skill level 5 in Polearms
  2412 | D:3      | Found Rojergh's Jewellery Shop.
  2625 | D:3      | Reached XP level 6. HP: 48/48 MP: 6/6
  2766 | D:3      | Found Jaluaratets's Armour Boutique.
  2797 | D:3      | Found Axaycif's Distillery.
  2804 | D:3      | Bought a potion of flight for 42 gold pieces
  2804 | D:3      | Bought a potion of degeneration for 14 gold pieces
  2851 | D:3      | Found Qexeavva's Antique Weapon Emporium.
  3060 | D:4      | Noticed a necrophage
  3110 | D:3      | Killed a necrophage
  3111 | D:3      | Reached skill level 6 in Polearms
  3339 | D:4      | Reached XP level 7. HP: 27/55 MP: 7/7
  3499 | D:4      | Identified the Tome of Sinister Creation
  3527 | D:4      | Found Hokaw's Antique Weapon Emporium.
  3617 | D:4      | Found a staircase to the Ecumenical Temple.
  3752 | D:4      | Found a snail-covered altar of Cheibriados.
  3752 | D:4      | Found a glowing golden altar of the Shining One.
  3754 | D:4      | Found a burning altar of Makhleb.
  3819 | D:4      | Reached *** piety under Qazlal
  4137 | D:4      | Reached skill level 7 in Polearms
  4609 | D:5      | Entered Level 5 of the Dungeon
  4702 | D:5      | Reached XP level 8. HP: 57/61 MP: 8/8
  4710 | D:5      | Reached skill level 5 in Fighting
  4710 | D:5      | Reached skill level 8 in Polearms
  4999 | D:5      | Found a large runed translucent door.
  5000 | D:5      | Found a large runed translucent door.
  5085 | D:5      | Shot with an arrow by a centaur

Illustrated notes

Levels and vault maps discovered:
D:1:      nzn_arrival_crosshair, layout_loops_ring, basic_ecumenical_altar
D:2:      layout_loops_cross, basic_altar, minmay_cut_off
D:3:      layout_basic, serial_shops, shop, shop, shop, nicolae_shop_statue_plus
D:4:      layout_loops_ring, chequers_temple_overflow_statue_of_worship,
          minmay_temple_entry_fiery, serial_shops, shop, minmay_ruptured
D:5:      layout_rooms, jmf_multi_god_temple2

Skill      XL: |  1  2  3  4  5  6  7  8 |
---------------+-------------------------+-----
Polearms       | 3 4 5 6 7 8 |  8.9
Fighting       | 4 5 |  5.0
Armour         | |  3.2
Shields        | |  3.6

Action                   |  1- 3 |  4- 6 |  7- 9 || total
-------------------------+-------+-------+-------++-------
Melee: Trident           |   141 |   211 |   153 ||   505
Throw: Dart              |       |       |     7 ||     7
 Abil: Dig               |       |       |     1 ||     1
  Use: Scroll            |       |     5 |     1 ||     6
Armor: Scale mail        |    68 |    46 |    19 ||   133
Dodge: Dodged            |    55 |    48 |    32 ||   135
Block: Kite shield       |    90 |   123 |    77 ||   290

Table legend: (Time is in decaauts)
 A = Elapsed time spent in this place.
 B = Non-inter-level travel time spent in this place.
 C = Inter-level travel time spent in this place.
 D = Time resting spent in this place.
 E = Time spent auto-exploring this place.
 F = Levels seen in this place.
 G = Mean time per level.
                   A        B        C        D        E       F      G
               +--------+--------+--------+--------+--------+-----+--------+
         Total |   5206 |   5052 |    154 |    854 |   3261 |   5 | 1041.2 |
       Dungeon |   5206 |   5052 |    154 |    854 |   3261 |   5 | 1041.2 |
               +--------+--------+--------+--------+--------+-----+--------+

Top non-repeatable levels by time:
     D:1: 1380 daAuts
     D:4: 1323 daAuts
     D:2: 1046 daAuts
     D:3: 975 daAuts
     D:5: 480 daAuts
